 Dungeon Crawl Stone Soup version 0.28.0-49-g6dfe1f597d (webtiles) character file.

Game seed: 13772997640677578316

65 Peloso the Covered (level 3, -1/33 HPs)
             Began as a Minotaur Fighter on May 14, 2022.
             Slain by a gnoll
             ... wielding a +0 whip
              (6 damage)
             ... on level 3 of the Dungeon.
             The game lasted 00:02:16 (1678 turns).

Peloso the Covered (Minotaur Fighter)               Turns: 1678, Time: 00:02:17

Health: -1/33      AC:  9    Str: 20    XL:     3   Next: 94%
Magic:  2/2        EV:  4    Int:  5    God:
Gold:   90         SH: 12    Dex: 11    Spells: 2/2 levels left

rFire   . . .      SeeInvis .   a - +1 long sword
rCold   . . .      Faith    .   d - +0 tower shield
rNeg    . . .      Spirit   .   i - +0 chain mail
rPois   .          Reflect  .   (helmet restricted)
rElec   .          Harm     .   (no cloak)
rCorr   .          Rampage  .   (no gloves)
Will    .....                   (no boots)
Stlth   ..........              (no amulet)
HPRegen 0.11/turn               (no ring)
MPRegen 0.08/turn               (no ring)

@: no status effects
A: horns 2, retaliatory headbutt
a: no special abilities


You were on level 3 of the Dungeon.
You visited 1 branch of the dungeon, and saw 3 of its levels.

You collected 90 gold pieces.

Inventory:

Hand Weapons
 a - a +1 long sword (weapon)
Armour
 b - a +0 scale mail
 c - a +0 buckler
 d - a +0 tower shield (worn)
 i - a +0 chain mail (worn)
Scrolls
 g - a scroll of enchant armour {unknown}
 h - a scroll of amnesia
 k - a scroll of identify {unknown}
 l - a scroll of enchant weapon
 m - a scroll of teleportation {unknown}
 n - a scroll of fear {unknown}
Potions
 e - a potion of might
 f - a potion of berserk rage {unknown}
 j - a potion of invisibility {unknown}
 o - 2 potions of attraction {unknown}


   Skills:
 + Level 4.1 Fighting
 + Level 3.3 Long Blades
 + Level 4.4 Armour
 + Level 0.5 Dodging
 + Level 4.2 Shields


You had 2 spell levels left.
You didn't know any spells.
Your spell library was empty.

Dungeon Overview and Level Annotations

Branches:
Dungeon (3/15)

Altars:


Innate Abilities, Weirdness & Mutations

You have a pair of horns on your head.
You reflexively headbutt those who attack you in melee.


Message History

You barely miss the gnoll. The gnoll hits you but does no damage.
The gnoll hits you from afar with a +0 halberd. x2
You hit the gnoll but do no damage. You headbutt the gnoll.
The gnoll is moderately wounded.
The gnoll hits you from afar with a +0 spear.
The gnoll barely misses you. You block the gnoll's attack.
The gnoll hits you from afar with a +0 spear.
The gnoll hits you but does no damage.
You slash the gnoll!
You kill the gnoll!
You block the gnoll's attack. x2; The gnoll hits you but does no damage.
You block the gnoll's attack. The gnoll hits you with a +0 halberd.
Things that are here:
a +0 club; a gnoll corpse Unknown command.
The gnoll hits you from afar with a +0 spear.
The gnoll barely misses you.
There is an open door here.
The gnoll hits you but does no damage.
You closely miss the gnoll. You block the gnoll's attack.
The gnoll barely misses you.
You slash the gnoll! You headbutt the gnoll.
You kill the gnoll!
You hit the gnoll.
The gnoll is lightly wounded.
The gnoll hits you but does no damage. x2; You block the gnoll's attack.
You completely miss the gnoll.
The gnoll is lightly wounded.
You block the gnoll's attack.
The gnoll hits you from afar with a +0 halberd.
The gnoll hits you with a +0 whip. You block the gnoll's attack.
You closely miss the gnoll. Your headbutt misses the gnoll.
The gnoll is lightly wounded.
The gnoll hits you but does no damage.
The gnoll hits you from afar with a +0 halberd!
* * * LOW HITPOINT WARNING * * *
You hit the gnoll.
The gnoll is moderately wounded.
The gnoll hits you but does no damage. x2; The gnoll hits you with a +0 whip.
You die...

##########
.........#######
########.##....#
########.##....###########
...........†...'@gg.....>#
########.#.....####...####
#$#.....# ...# #.#.....#
...# #.#.#+### ..... #.#.#
...... .[... ##..... #....
.....


You could see 2 gnolls.

Vanquished Creatures
  2 gnolls (D:3)
  5 dart slugs
  6 endoplasms
  2 giant cockroaches
  A goblin (D:2)
  3 hobgoblins
  2 jackals (D:1)
  3 quokkas
  2 ball pythons
  5 bats
  A kobold (D:1)
  2 rats
34 creatures vanquished.

Notes
Turn   | Place    | Note
-------+----------+-------------------------------------------
     0 | D:1      | Peloso the Minotaur Fighter began the quest for the Orb.
     0 | D:1      | Reached XP level 1. HP: 19/19 MP: 0/0
   252 | D:1      | Reached XP level 2. HP: 27/27 MP: 1/1
   861 | D:2      | Found a faded altar of an unknown god.
   872 | D:2      | Reached XP level 3. HP: 32/33 MP: 2/2
  1678 | D:3      | Slain by a gnoll

Illustrated notes

Levels and vault maps discovered:
D:1:      ebering_trefoil_twist, layout_loops_cross
D:2:      layout_loops_ring, nicolae_ecumenical_pavilion
D:3:      layout_basic, mainiacjoe_overflow_swirl, serial_shops,
          nicolae_shop_bloodbath_and_beyond, uniq_ijyb

Skill      XL: |  1  2  3 |
---------------+----------+-----
Armour         | 4 |  4.4
Shields        | 4 |  4.2
Fighting       | 4 |  4.1
Long Blades    | 3 |  3.3
Dodging        | |  0.5

Action                   || total
-------------------------++-------
Melee: Long sword        ||    69
       Headbutt          ||    10
  Use: Scroll            ||     3
Armor: Scale mail        ||    17
       Chain mail        ||    24
Dodge: Dodged            ||    29
Block: Buckler           ||    12
       Tower shield      ||    12
